 Dungeon Crawl Stone Soup version 0.26.1-2-gb8aa6d0cf2 (webtiles) character file.

Game seed: 16357075050960307090

63 Martska the Chucker (level 4, 0/48 HPs)
             Began as an Ogre Hunter on Mar 13, 2021.
             Succumbed to an adder's poison
             ... on level 2 of the Dungeon.
             The game lasted 00:02:49 (2479 turns).

Martska the Chucker (Ogre Hunter)                   Turns: 2479, Time: 00:02:50

Health: 0/48       AC:  3    Str: 17    XL:     4   Next: 10%
Magic:  4/4        EV: 10    Int: 12    God:
Gold:   165        SH:  0    Dex:  9    Spells: 3/3 levels left

rFire    + . .     SeeInvis .   n - +0 mace
rCold    x . .     Faith    .   (no shield)
rNeg     + . .     Spirit   .   b - +0 robe
rPois    .         Reflect  .   (helmet restricted)
rElec    .         Harm     .   (no cloak)
rCorr    .         Rampage  .   (gloves unavailable)
Will     .....                  (boots unavailable)
Stlth    +.........             (no amulet)
HPRegen  0.16/turn              f - ring of fire
MPRegen  0.09/turn              l - ring of positive energy

@: lethally poisoned (0 -> -7)
A: large, unfitting armour, tough skin 1
a: no special abilities


You were on level 2 of the Dungeon.
You visited 1 branch of the dungeon, and saw 2 of its levels.

You collected 165 gold pieces.

Inventory:

Hand Weapons
 a - a +0 short sword
 c - a +0 club
 j - a +0 whip
 n - a +0 mace (weapon)
Missiles
 d - 2 throwing nets (quivered)
Armour
 b - a +0 robe (worn)
Jewellery
 f - a ring of fire (left hand)
 l - a ring of positive energy (right hand)
Scrolls
 h - a scroll of identify {unknown}
 m - a scroll of amnesia {unknown}
Potions
 e - a potion of magic {unknown}
 k - a potion of attraction {unknown}
 o - 2 potions of brilliance {unknown}


   Skills:
 * Level 3.7 Fighting
 * Level 1.1 Maces & Flails
 * Level 4.4 Throwing
 * Level 2.5 Dodging
 - Level 0.6 Stealth


You had 3 spell levels left.
You didn't know any spells.
Your spell library was empty.

Dungeon Overview and Level Annotations

Branches:
Dungeon (2/15)

Altars:


Innate Abilities, Weirdness & Mutations

You are too large for most types of armour.
You have tough skin. (AC +1)


Message History

The adder bites you.
* * * LOW HITPOINT WARNING * * *
You are more poisoned.
The adder poisons you!
You closely miss the adder.
The adder is heavily wounded.
* * * LOW HITPOINT WARNING * * *
You feel sick. The giant cockroach misses you. The adder barely misses you.
The giant cockroach bites you.
* * * LOW HITPOINT WARNING * * *
The adder closely misses you.
You hit the adder.
The adder is almost dead.
* * * LOW HITPOINT WARNING * * *
You feel sick. The adder closely misses you.
The giant cockroach bites you but does no damage.
Unknown command.
You miss the adder.
The adder is almost dead.
You die...

#####. .. ...... ...
.# #####. ... ### .#
... #.# .# ... #.#
###.#
###.###.###.#.#
##.............###.#
.........###.......#
#### #....B@##
#.#.##### ...#
#....S.####.### ...#
#...(..#....#
...#####
########.####
.(.....#
#......#######
##.....#
#............#
#.....#
#......####.##
##.....# ###......#
.......# #.....####


You could see an adder and a giant cockroach.

Vanquished Creatures
  An adder (D:2)
  A worm (D:2)
  3 dart slugs
  3 leopard geckos (D:1)
  A giant cockroach (D:1)
  4 goblins
  7 hobgoblins
  3 jackals (D:2)
  A quokka (D:2)
  2 ball pythons
  7 bats
  A frilled lizard (D:1)
  3 kobolds
  5 rats (D:1)
42 creatures vanquished.

Notes
Turn   | Place    | Note
-------+----------+-------------------------------------------
     0 | D:1      | Martska the Ogre Hunter began the quest for the Orb.
     0 | D:1      | Reached XP level 1. HP: 22/22 MP: 1/1
   280 | D:1      | Reached XP level 2. HP: 12/31 MP: 2/2
   760 | D:1      | Reached XP level 3. HP: 12/37 MP: 3/3
  2006 | D:2      | Reached skill level 1 in Maces & Flails
  2010 | D:2      | Reached XP level 4. HP: 34/48 MP: 4/4
  2477 | D:2      | HP: 2/48 [poisoned by an adder]
  2479 | D:2      | Succumbed to an adder's poison

Illustrated notes

Levels and vault maps discovered:
D:1:      kennysheep_arrival_forest, layout_rooms, minmay_tromino_mix6
D:2:      layout_basic

Skill      XL: |  1  2  3 |
---------------+----------+-----
Fighting       | 3 |  3.7
Dodging        | 2 |  2.5
Maces & Flails | 1 |  1.1
Throwing       | |  4.4
Stealth        | |  0.6

Action                   |  1- 3 |  4- 6 || total
-------------------------+-------+-------++-------
Melee: Short sword       |    69 |       ||    69
       Whip              |    98 |     6 ||   104
       Mace              |       |    24 ||    24
Throw: Large rock        |     8 |     5 ||    13
  Use: Potion            |     1 |     2 ||     3
 Stab: Sleeping          |     1 |       ||     1
Armor: Robe              |    89 |    27 ||   116
Dodge: Dodged            |   139 |    39 ||   178
